 Dungeon Crawl Stone Soup version 0.31-a0-360-gb3e1d13bf4 (webtiles) character file.

Game seed: 8719078706379587967

351 Flugkiller the Ruffian (level 6, -11/58 HPs)
             Began as a Naga Shapeshifter on July 26, 2023.
             Mangled by an ogre
             ... wielding a +0 giant club
              (16 damage)
             ... on level 4 of the Dungeon.
             The game lasted 00:03:54 (3222 turns).

Flugkiller the Ruffian (Naga Shapeshifter)          Turns: 3222, Time: 00:03:54

Health: -11/58     AC:  9    Str: 20    XL:     6   Next: 61%
Magic:  6/6        EV:  7    Int:  8    God:
Gold:   169        SH:  0    Dex: 11    Spells: 5/5 levels left

rFire   . .          .
                       - Unarmed
rCold   . . .        (no shield)
rNeg    . . .        r - +0 ring mail
rPois   +            (helmet currently unavailable)
rElec   .            (cloak currently unavailable)
rCorr   .            (gloves currently unavailable)
SInv    +            o - +0 barding
Will    .....        p - amulet of the acrobat
Stlth   +            (no ring)
HPRegen 0.29/turn    (no ring)
MPRegen 0.10/turn

%: acrobat
@: beast-form, very slow
A: beast (slay +2), AC +2, large, see invisible, deformed body, poison
resistance, slowness 2, spit poison 1, naga tail 1
a: Spit Poison, Begin Untransformation


You were on level 4 of the Dungeon.
You were a hulking beast.
You visited 1 branch of the dungeon, and saw 4 of its levels.

You collected 169 gold pieces.

Inventory:

Armour
 o - a +0 barding (worn)
   (You found it on level 3 of the Dungeon)
 r - a +0 ring mail (worn)
   (You found it on level 3 of the Dungeon)
Jewellery
 p - an amulet of the acrobat (around neck)
   (You took it off an orc on level 3 of the Dungeon)
 v - an amulet of faith
   (You found it on level 4 of the Dungeon)
Talismans
 c - a beast talisman
Scrolls
 a - a scroll of teleportation {unknown}
 d - a scroll of brand weapon
 h - 2 scrolls of enchant weapon
 j - a scroll of noise {unknown}
 m - a scroll of poison {unknown}
 q - a scroll of vulnerability {unknown}
 s - a scroll of immolation {unknown}
Potions
 b - 2 potions of lignification
 e - a potion of brilliance
 f - a potion of attraction {unknown}
 g - a potion of might {unknown}
 i - a potion of curing {unknown}
 k - a potion of heal wounds {unknown}
 l - a potion of ambrosia {unknown}
 n - a potion of berserk rage {unknown}
 t - a potion of degeneration {unknown}
 u - a potion of enlightenment {unknown}


   Skills:
 + Level 4.7 Fighting
 + Level 1.8 Armour
 - Level 1.5 Dodging
 + Level 4.7 Unarmed Combat
 - Level 3.0 Shapeshifting


You had 5 spell levels left.
You didn't know any spells.
Your spell library contained the following spells:

 Spells                   Type           Power      Damage    Failure   Level
 Apportation              Tloc           0%         N/A       58%         1
 Vhi's Electric Charge    Tloc/Air       0%         N/A       91%         3
 Alistair's Intoxication  Tmut/Pois      0%         N/A       100%        5
 Arcjolt                  Conj/Air       0%         1d10      100%        5
 Plasma Beam              Fire/Air       0%         2x1d10    100%        6


Dungeon Overview and Level Annotations

Branches:
Dungeon (4/15) Zot: 19958
 Temple: D:4-7

Altars:
Dithmenos
Fedhas
Trog
Zin


Innate Abilities, Weirdness & Mutations

You are a hulking beast.
Your limbs bulge with bestial killing power. (Slay +2)
Your serpentine skin is tough. (AC +2)
You have supernaturally acute eyesight. (SInv)
Armour fits poorly on your strangely shaped body.
Your system is resistant to poisons. (rPois)
You cover ground very slowly.
You can spit poison.
You have a snake-like lower body.


Message History

a +0 dagger; a +0 ring mail; an orc corpse
Things that are here:
a +0 dagger; a +0 ring mail; an orc corpse
Things that are here:
a +0 short sword; 6 poisoned darts
Items here: ))) [[[ †.
A howler monkey comes into view.
The howler monkey howls!
The howler monkey hoots and howls with incredible vigour!
You hear a shout! x4
A howler monkey is nearby!
A howler monkey is nearby!
You hit the howler monkey.
The howler monkey is lightly wounded.
The howler monkey hits you but does no damage.
You closely miss the howler monkey.
The howler monkey is lightly wounded.
The howler monkey hits you but does no damage.
A goblin comes into view. It is wielding a +0 club.
The goblin shouts!
You hit the howler monkey.
The howler monkey is moderately wounded.
The howler monkey hits you.
The howler monkey hits you but does no damage.
You hit the howler monkey but do no damage.
The howler monkey is moderately wounded.
The howler monkey closely misses you.
You hit the howler monkey.
The howler monkey is heavily wounded.
A goblin comes into view. It is wielding a +0 dagger.
The howler monkey hits you but does no damage.
You punch the howler monkey!
The howler monkey is almost dead.
A goblin comes into view. It is wielding a +0 club.
The howler monkey hits you but does no damage.
You barely miss the howler monkey.
The howler monkey is almost dead.
The howler monkey hoots and howls with incredible vigour!
The howler monkey closely misses you.
You hear a shout!
You hear an angry hiss.
You hear a shout! x3
You barely miss the howler monkey.
The howler monkey is almost dead.
The goblin hits you with a +0 club. The howler monkey hits you.
You closely miss the howler monkey. Your punch misses the howler monkey.
The howler monkey is almost dead.
The goblin hits you but does no damage. The howler monkey hits you.
You barely miss the howler monkey.
The howler monkey is almost dead.
The goblin hits you with a +0 dagger. The goblin hits you with a +0 club.
The howler monkey hits you but does no damage.
You hit the howler monkey.
You kill the howler monkey!
The goblin hits you but does no damage. The goblin closely misses you.
An ogre comes into view. It is wielding a +0 giant club.
You barely miss the goblin. The goblin hits you with a +0 dagger.
The goblin hits you with a +0 club. The goblin hits you but does no damage.
You punch the goblin!
You kill the goblin!
The goblin hits you but does no damage. x2
You barely miss the goblin. The goblin barely misses you. x2
You closely miss the goblin. The goblin hits you but does no damage.
The goblin closely misses you.
You punch the goblin!
You kill the goblin!
The goblin barely misses you.
You punch the goblin!
You kill the goblin!
Aiming: Spit Poison (1% risk of failure)
Press: ? - help, Shift-Dir - straight line, f - ogre
Aim: an ogre, wielding a +0 giant club (81% to hit)
The splash of poison hits the ogre.
The ogre is lightly wounded.
You barely miss the ogre.
The ogre is lightly wounded.
A goblin comes into view. It is wielding a +0 dagger.
The ogre hits you with a +0 giant club!
You hit the ogre.
The ogre is lightly wounded.
The ogre hits you with a +0 giant club.
You hit the ogre.
The ogre is moderately wounded.
Okay, then.
You punch the ogre!
The ogre is heavily wounded.
You have got your breath back.
The ogre hits you with a +0 giant club!
You hit the ogre.
The ogre is heavily wounded.
The ogre hits you with a +0 giant club!
* * * LOW HITPOINT WARNING * * *
Unknown command.
Okay, then.
Okay, then.
You hit the ogre.
The ogre is heavily wounded.
Unknown command.
You hit the ogre.
The ogre is severely wounded.
The ogre hits you with a +0 giant club!
You die...

##.###...................#
##..#................#####
.......##..........^.#
.......###...........#
.......###...........###
......##...............##
..>.....................#
.......#.................
.....#.........#h........
..............gO))..[....
.....###.........#.......
.....# #.................
.....# #......###........
...... ......## #.......
............# #......
......# ##. ...... ......


You could see an ogre and a goblin.

Vanquished Creatures
  A howler monkey (D:4)
  A hound (D:4)
  An orc priest (D:4)
  An iguana (D:4)
  An orc wizard (D:4)
  6 adders
  4 gnolls
  4 worms
  2 dart slugs
  3 orcs
  6 ball pythons
  10 bats
  2 endoplasms
  7 giant cockroaches
  8 goblins
  3 hobgoblins
  6 jackals
  7 quokkas
  5 frilled lizards
  5 kobolds
  7 rats
90 creatures vanquished.

Notes
Turn   | Place    | Note
-------+----------+-------------------------------------------
     0 | D:1      | Flugkiller the Naga Shapeshifter began the quest for the
                  | Orb.
     0 | D:1      | Reached XP level 1. HP: 18/18 MP: 1/1
   181 | D:1      | Reached XP level 2. HP: 25/25 MP: 2/2
   781 | D:2      | Reached XP level 3. HP: 21/32 MP: 3/3
  1552 | D:2      | Reached XP level 4. HP: 40/40 MP: 4/4
  2151 | D:3      | Reached XP level 5. HP: 44/50 MP: 5/5
  2641 | D:3      | Found a glowing silver altar of Zin.
  2674 | D:3      | Found a bloodstained altar of Trog.
  2866 | D:4      | Reached skill level 1 in Armour
  3006 | D:4      | Found a blossoming altar of Fedhas.
  3034 | D:4      | Reached XP level 6. HP: 58/58 MP: 6/6
  3071 | D:4      | Found a shadowy altar of Dithmenos.
  3222 | D:4      | Mangled by an ogre

Illustrated notes

Levels and vault maps discovered:
D:1:      minmay_arrival_open_corners, layout_rooms, minmay_misc_feat_doors
D:2:      minmay_razor_zed, layout_loops_corners
D:3:      layout_loops_cross, zin_academy, lemuel_round_altar
D:4:      layout_rooms, mainiacjoe_overflow_six_doors_small, marbit_many_paths,
          nicolae_dithmenos_through_a_glass_darkly, minmay_ogre_servants

Skill      XL: |  1  2  3  4  5 |
---------------+----------------+-----
Fighting       | 2 3 4 |  4.7
Unarmed Combat | 4 |  4.7
Armour         | 1 |  1.8
Dodging        | |  1.5
Shapeshifting  | |  3.0

Action                     |  1- 3 |  4- 6 || total
---------------------------+-------+-------++-------
  Melee: Unarmed           |    86 |   196 ||   282
         Punch             |     2 |     4 ||     6
Ability: Spit Poison       |     7 |     5 ||    12
    Use: Scroll            |     1 |     2 ||     3
 Armour: Animal skin       |    25 |    31 ||    56
         Ring mail         |       |    38 ||    38
  Dodge: Dodged            |    43 |    83 ||   126

Table legend: (Time is in decaauts)
 A = Elapsed time spent in this place.
 B = Non-inter-level travel time spent in this place.
 C = Inter-level travel time spent in this place.
 D = Time resting spent in this place.
 E = Time spent auto-exploring this place.
 F = Levels seen in this place.
 G = Mean time per level.
                   A        B        C        D        E       F      G
               +--------+--------+--------+--------+--------+-----+--------+
         Total |   4040 |   3819 |    221 |    723 |   2315 |   4 | 1010.0 |
       Dungeon |   4040 |   3819 |    221 |    723 |   2315 |   4 | 1010.0 |
               +--------+--------+--------+--------+--------+-----+--------+

Top non-repeatable levels by time:
     D:2: 1530 daAuts
     D:3: 1185 daAuts
     D:1: 858 daAuts
     D:4: 467 daAuts
